 Dungeon Crawl Stone Soup version 0.28-a0-1555-g9ae15a6949 (webtiles) character file.

Game seed: 17642788967914994865

2675 sasquatch the Frost Mage (level 9, 0/85 HPs)
             Began as a Demonspawn Ice Elementalist on Jan 18, 2022.
             Was a Follower of Vehumet.
             Slain by a two-headed ogre (6 damage)
             ... on level 10 of the Dungeon.
             The game lasted 00:22:56 (9400 turns).

sasquatch the Frost Mage (DsIE)                     Turns: 9400, Time: 00:22:57

Health: 0/85       AC: 24    Str:  8    XL:     9   Next: 37%
Magic:  0/16       EV:  2    Int: 20    God:    Vehumet [*.....]
Gold:   306        SH:  0    Dex: 21    Spells: 4/18 levels left

rFire   . . .      SeeInvis .   s - +3 dagger (elec)
rCold   . . .      Faith    .   (no shield)
rNeg    . . .      Spirit   +   (armour currently unavailable)
rPois   +          Reflect  .   (helmet unavailable)
rElec   .          Harm     .   (cloak currently unavailable)
rCorr   .          Rampage  .   (gloves currently unavailable)
Will    .....      NoTele   +   (boots currently unavailable)
Stlth   ++........              (no amulet)
HPRegen 0.24/turn               b - +6 ring of dexterity
MPRegen 0.30/turn               (no ring)

@: tree-form
A: stationary, stasis, torment immunity, boosted hp, (horns 3), ignite blood 1,
magic shield, magic regeneration
a: Renounce Religion


You were on level 10 of the Dungeon.
You worshipped Vehumet.
Vehumet was aware of your devotion.
You were a tree.
You visited 1 branch of the dungeon, and saw 8 of its levels.

You collected 306 gold pieces.

Inventory:

Hand Weapons
 a - a +1 hand axe of venom
 s - a +3 dagger of electrocution (weapon)
Missiles
 w - 2 poisoned darts
Armour
 n - a +1 robe of the Archmagi (melded)
 t - a +0 pair of gloves (melded)
Magical Staves
 r - a staff of conjuration
Jewellery
 b - a +6 ring of dexterity (left branch)
Wands
 v - a wand of polymorph (7)
 x - a wand of acid (13)
Scrolls
 c - a scroll of amnesia {unknown}
 d - 4 scrolls of identify {unknown}
 e - 3 scrolls of vulnerability {unknown}
 f - a scroll of fog {unknown}
 h - a scroll of noise {unknown}
 j - a scroll of magic mapping {unknown}
 l - a scroll of blinking {unknown}
 q - a scroll of holy word {unknown}
 u - a scroll of fear {unknown}
 y - a scroll of immolation {unknown}
Potions
 g - a potion of degeneration {unknown}
 i - a potion of curing
 k - a potion of haste {unknown}
 m - a potion of brilliance {unknown}
 o - a potion of mutation {unknown}
 p - a potion of lignification
 z - a potion of magic {unknown}


   Skills:
 - Level 1.7 Dodging
 - Level 1.7 Stealth
 - Level 5.0 Spellcasting
 * Level 5.8 Conjurations
 + Level 4.4 Translocations
 * Level 9.0 Ice Magic


You had 4 spell levels left.
You knew the following spells:

 Your Spells              Type           Power      Damage    Failure   Level
a - Freeze                Ice            100%       1d11      1%          1
b - Frozen Ramparts       Ice            82%        1d10      1%          3
c - Ozocubu's Armour      Ice            41%        N/A       1%          3
d - Blink                 Tloc           44%        N/A       3%          2
e - Hailstorm             Conj/Ice       34%        3d9       5%          4
f - Foxfire               Conj/Fire      64%        2x1d7     3%          1

Your spell library contained the following spells:

 Spells                   Type           Power      Damage    Failure   Level
 Magic Dart               Conj           100%       1d8       1%          1
 Mephitic Cloud           Conj/Pois/Air  12%        N/A       16%         3
 Call Imp                 Summ           5%         N/A       17%         2
 Corpse Rot               Necr/Air       10%        N/A       17%         2
 Dispel Undead            Necr           5%         3d7       75%         4
 Manifold Assault         Tloc           22%        N/A       47%         5
 Death Channel            Necr           2%         N/A       100%        6
 Storm Form               Tmut/Air       2%         N/A       100%        7


Dungeon Overview and Level Annotations

Branches:
Dungeon (7/15)             Temple (0/1) D:7

Altars:
Cheibriados
Ru
Vehumet
Xom
Yredelemnul

Annotations:
D:6 exclusion: 2 electric eels, Grinder


Innate Abilities, Weirdness & Mutations

You are a tree.
Your roots penetrate the ground, keeping you stationary.
You cannot be teleported.
You are immune to unholy pain and torment.
Your maximum health is greatly increased.
Your equipment is partially melded.
((You have a pair of large horns on your head.))
Your demonic aura sometimes causes spilled blood to erupt in flames.
When hurt, damage is shared between your health and your magic reserves.
You regenerate magic rapidly.


Message History

You feel a surge of power! A film of ice covers your body!
The kobold demonologist shouts!
You hear a shout!
The centaur shoots an arrow.
The arrow closely misses you.
A kobold brigand comes into view.
It is wielding a +0 short sword and quivering poisoned darts.
The centaur shoots an arrow.
The arrow hits you!
Casting: Ozocubu's Armour (safe; 1% risk of failure)
Confirm with . or Enter, or press ? or * to list all spells.
You don't have enough magic to cast this spell.
Unknown command.
Your icy armour and frozen ramparts will break if you move.
Continue?
Your icy armour cracks and falls away as you move.
The frozen ramparts melt away as you move.
The centaur shoots an arrow.
The arrow hits you!
* * * LOW HITPOINT WARNING * * *
Casting: Ozocubu's Armour (safe; 1% risk of failure)
Confirm with . or Enter, or press ? or * to list all spells.
You don't have enough magic to cast this spell.
Unknown command.
The kobold demonologist gestures wildly while chanting.
You hear a shout!
Casting: Ozocubu's Armour (safe; 1% risk of failure)
Confirm with . or Enter, or press ? or * to list all spells.
You don't have enough magic to cast this spell.
Unknown command.
Okay, then.
It was a potion of lignification.
You turn into a tree.
Your +0 pair of gloves melds into your body.
Your +1 robe of the Archmagi melds into your body.
You feel strangely numb.
Your roots penetrate the ground.
Casting: Ozocubu's Armour (safe; 1% risk of failure)
Confirm with . or Enter, or press ? or * to list all spells.
You don't have enough magic to cast this spell.
Unknown command.
It was a potion of curing.
You feel better.
The centaur shoots an arrow.
The arrow hits you.
The centaur shoots an arrow.
The arrow hits you but does no damage.
The two-headed ogre hits you with a +0 giant club!!
* * * LOW HITPOINT WARNING * * *
The two-headed ogre hits you with a +0 giant spiked club.
You die...

.....##
.4.... #K...
.... #..###
### #KK#.?
.... #.##.#
..... #K##.#
#.....
#♣O#.##......
#.[....._....
#.##c.....##
...##.....##
##...#.....#
#.###.......
#. #####.###
#. ... ..


You could see a two-headed ogre, a kobold demonologist, a chaos spawn
(summoned), a centaur and 3 kobolds.

Vanquished Creatures
  Sigmund (D:6)
  A water moccasin (D:4)
  An ice beast (D:6)
  2 orc warriors
  A hornet zombie (D:5)
  3 sky beasts
  A black bear (D:5)
  2 ogres (D:6)
  Blork the orc (D:4)
  2 bullfrogs
  2 water moccasin zombies (D:6)
  2 scorpions (D:5)
  A wyvern skeleton (D:7)
  3 water moccasin skeletons
  3 killer bees (D:5)
  2 jellies
  A bullfrog skeleton (D:5)
  5 orc priests
  6 iguanas
  5 orc wizards
  2 howler monkey zombies
  3 gnolls (D:4)
  9 adders
  A shadow imp (D:5)
  A white imp (D:7)
  2 ufetubi
  An adder zombie (D:4)
  An adder skeleton (D:4)
  2 worms (D:4)
  5 dart slugs
  14 orcs
  A bat (D:3)
  5 endoplasms
  4 giant cockroaches
  7 goblins
  10 hobgoblins
  3 quokkas
  3 ball pythons
  5 kobolds
  7 rats
131 creatures vanquished.

Vanquished Creatures (others)
  14 foxfires
14 creatures vanquished.

Grand Total: 145 creatures vanquished

Notes
Turn   | Place    | Note
-------+----------+-------------------------------------------
     0 | D:1      | sasquatch the Demonspawn Ice Elementalist began the quest
                  | for the Orb.
     0 | D:1      | Reached XP level 1. HP: 13/13 MP: 3/3
   295 | D:1      | Gained mutation: You regenerate magic rapidly. [demonic
                  | ancestry]
   295 | D:1      | Reached XP level 2. HP: 19/19 MP: 3/5
   473 | D:1      | Reached skill level 4 in Ice Magic
  1292 | D:2      | Gained mutation: You have a pair of small horns on your
                  | head. [demonic ancestry]
  1292 | D:2      | Reached XP level 3. HP: 18/24 MP: 3/6
  1296 | D:2      | Learned a level 3 spell: Frozen Ramparts
  1305 | D:2      | Learned a level 3 spell: Ozocubu's Armour
  2467 | D:3      | Gained mutation: You have a pair of horns on your head.
                  | [demonic ancestry]
  2467 | D:3      | Reached XP level 4. HP: 27/30 MP: 3/8
  2778 | D:3      | Reached skill level 5 in Ice Magic
  3219 | D:3      | Reached XP level 5. HP: 35/35 MP: 4/9
  3393 | D:4      | Noticed Blork the orc
  4095 | D:4      | Learned a level 2 spell: Blink
  4389 | D:4      | Noticed a water moccasin
  4400 | D:4      | Killed a water moccasin
  4401 | D:4      | Reached skill level 1 in Translocations
  4401 | D:4      | Gained mutation: You have a pair of large horns on your
                  | head. [demonic ancestry]
  4401 | D:4      | Reached XP level 6. HP: 21/41 MP: 2/11
  4971 | D:4      | Killed Blork the orc
  4972 | D:4      | Reached skill level 6 in Ice Magic
  5326 | D:4      | Found a basalt altar of Yredelemnul.
  5458 | D:5      | Entered Level 5 of the Dungeon
  5512 | D:5      | Reached XP level 7. HP: 41/46 MP: 6/13
  5720 | D:5      | Found a snail-covered altar of Cheibriados.
  5884 | D:5      | Reached skill level 7 in Ice Magic
  5915 | D:5      | Found a radiant altar of Vehumet.
  5922 | D:5      | Became a worshipper of Vehumet
  5942 | D:5      | Learned a level 4 spell: Hailstorm
  6012 | D:5      | Reached skill level 5 in Spellcasting
  6043 | D:5      | Reached skill level 1 in Conjurations
  6043 | D:5      | Gained mutation: Your demonic aura sometimes causes spilled
                  | blood to erupt in flames. [demonic ancestry]
  6043 | D:5      | Reached XP level 8. HP: 52/52 MP: 11/15
  7280 | D:6      | Noticed Sigmund
  7290 | D:6      | Killed Sigmund
  7403 | D:6      | Reached skill level 8 in Ice Magic
  7619 | D:6      | Noticed Grinder
  7927 | D:6      | Gained mutation: When hurt, damage is shared between your
                  | health and your magic reserves. [demonic ancestry]
  7927 | D:6      | Reached XP level 9. HP: 57/57 MP: 9/16
  8300 | D:7      | Reached skill level 5 in Conjurations
  8917 | D:7      | Reached * piety under Vehumet
  8917 | D:7      | Offered knowledge of Foxfire by Vehumet.
  8948 | D:7      | Learned a level 1 spell: Foxfire
  8971 | D:7      | Found a staircase to the Ecumenical Temple.
  9165 | D:7      | Found a shimmering altar of Xom.
  9234 | D:7      | Reached skill level 9 in Ice Magic
  9387 | D:7      | You fall into a shaft and drop 3 floors!
  9387 | D:10     | Entered Level 10 of the Dungeon
  9387 | D:10     | Found a sacrificial altar of Ru.
  9389 | D:10     | Noticed a two-headed ogre
  9394 | D:10     | Noticed a kobold demonologist
  9400 | D:10     | Slain by a two-headed ogre

Illustrated notes

Levels and vault maps discovered:
D:1:      dpeg_arrival_lava_altar, layout_loops_cross, minivault_26,
          hangedman_decor_growths
D:2:      layout_loops_ring
D:3:      layout_rooms
D:4:      layout_layer_cave, lemuel_zombie_altar_yredelemnul, uniq_blork_the_orc
D:5:      layout_basic, nicolae_overflow_squiral, hangedman_minor_gate_pass
D:6:      layout_loops_corners, minmay_misc_feat_iff, minivault_14,
          uniq_grinder, uniq_sigmund
D:7:      layout_basic, mainiacjoe_overflow_small_starburst,
          minmay_temple_entry_nine_rooms, minmay_misc_feat_tower,
          lemuel_another_geyser
D:10:     minmay_the_grid_octo_triangle [minmay_the_grid_octo_chip,
          minmay_the_grid_octo_prize_big_c, minmay_the_grid_octo_clover],
          layout_loops_ring, nicolae_overflow_crystal_walls

Skill      XL: |  1  2  3  4  5  6  7  8  9 |
---------------+----------------------------+-----
Ice Magic      | 4 5 6 7 8 9 |  9.0
Spellcasting   | 3 4 5 |  5.0
Translocations | 1 2 3 4 |  4.4
Conjurations   | 1 4 5 |  5.8
Dodging        | |  1.7
Stealth        | |  1.7

Action                   |  1- 3 |  4- 6 |  7- 9 || total
-------------------------+-------+-------+-------++-------
Melee: Unarmed           |     1 |     1 |       ||     2
       Short sword       |       |     9 |       ||     9
       Headbutt          |       |     4 |    17 ||    21
       Dagger            |       |     3 |    81 ||    84
       Punch             |       |     1 |     2 ||     3
       Staff             |       |    11 |     2 ||    13
 Cast: Freeze            |    48 |    55 |    35 ||   138
       Frozen Ramparts   |     4 |    16 |    38 ||    58
       Ozocubu's Armour  |       |     6 |    19 ||    25
       Hailstorm         |       |       |    10 ||    10
       Foxfire           |       |       |     9 ||     9
  Use: Potion            |       |       |     2 ||     2
 Stab: Sleeping          |       |     2 |       ||     2
Armor: Robe              |     4 |    10 |    30 ||    44
       Skin              |       |       |     1 ||     1
Dodge: Dodged            |    11 |    34 |    71 ||   116

Table legend: (Time is in decaauts)
 A = Elapsed time spent in this place.
 B = Non-inter-level travel time spent in this place.
 C = Inter-level travel time spent in this place.
 D = Time resting spent in this place.
 E = Time spent auto-exploring this place.
 F = Levels seen in this place.
 G = Mean time per level.
                   A        B        C        D        E       F      G
               +--------+--------+--------+--------+--------+-----+--------+
         Total |   9404 |   9150 |    254 |   1221 |   6769 |   8 | 1175.5 |
       Dungeon |   9404 |   9150 |    254 |   1221 |   6769 |   8 | 1175.5 |
               +--------+--------+--------+--------+--------+-----+--------+

Top non-repeatable levels by time:
     D:4: 2141 daAuts
     D:2: 1493 daAuts
     D:5: 1437 daAuts
     D:6: 1393 daAuts
     D:1: 1138 daAuts
     D:7: 1096 daAuts
     D:3: 690 daAuts
    D:10: 12 daAuts
